 Dungeon Crawl Stone Soup version 0.29.1-2-gbd0b4ee654 (webtiles) character file.

Game seed: 3281934539142179188

46 Bloodgem the Trooper (level 3, 0/33 HPs)
             Began as a Minotaur Fighter on Nov 13, 2022.
             Succumbed to a kobold's poison
             ... on level 3 of the Dungeon.
             The game lasted 00:02:07 (1518 turns).

Bloodgem the Trooper (Minotaur Fighter)             Turns: 1518, Time: 00:02:08

Health: 0/33       AC:  9    Str: 22    XL:     3   Next: 44%
Magic:  2/2        EV:  7    Int:  5    God:
Gold:   142        SH:  4    Dex:  9    Spells: 2/2 levels left

rFire   . . .      SeeInvis .   a - +0 trident
rCold   . . .      Faith    .   c - +0 buckler
rNeg    . . .      Spirit   .   m - +0 chain mail
rPois   .          Reflect  .   (helmet restricted)
rElec   .          Harm     .   (no cloak)
rCorr   .          Rampage  .   (no gloves)
Will    .....                   (no boots)
Stlth   ..........              (no amulet)
HPRegen 0.11/turn               (no ring)
MPRegen 0.08/turn               (no ring)

@: lethally poisoned (0 -> -4), flying
A: horns 2, retaliatory headbutt
a: no special abilities


You were on level 3 of the Dungeon.
You visited 1 branch of the dungeon, and saw 3 of its levels.

You collected 142 gold pieces.

Inventory:

Hand Weapons
 a - a +0 trident (weapon)
Armour
 c - a +0 buckler (worn)
 m - a +0 chain mail (worn)
Jewellery
 n - a +4 ring of slaying
Scrolls
 f - a scroll of summoning {unknown}
 h - 2 scrolls of immolation {unknown}
 i - 2 scrolls of amnesia {unknown}
 j - 2 scrolls of teleportation {unknown}
 p - 2 scrolls of enchant weapon {unknown}
Potions
 b - a potion of invisibility {unknown}
 d - a potion of might
 e - 2 potions of flight
 g - a potion of haste {unknown}
 k - 3 potions of heal wounds {unknown}
 l - 2 potions of curing {unknown}
 o - a potion of brilliance {unknown}


   Skills:
 * Level 4.2 Fighting
 + Level 3.0 Polearms
 * Level 4.1 Armour
 + Level 0.4 Dodging
 + Level 4.1 Shields


You had 2 spell levels left.
You didn't know any spells.
Your spell library contained the following spells:

 Spells                   Type           Power      Damage    Failure   Level
 Conjure Flame            Conj/Fire      0%         6-21      100%        3
 Ignite Poison            Fire/Tmut/Pois 0%         N/A       100%        3
 Sticky Flame             Conj/Fire      0%         2d3       100%        4


Dungeon Overview and Level Annotations

Branches:
Dungeon (2/15)

Altars:


Innate Abilities, Weirdness & Mutations

You have a pair of horns on your head.
You reflexively headbutt those who attack you in melee.


Message History

You are no longer poisoned.
The kobold throws a poisoned dart.
The poisoned dart hits you!
You are poisoned.
You feel very sick.
The kobold throws a poisoned dart.
The poisoned dart hits you!
You are lethally poisoned!
You reach to attack!
You hit the dart slug.
The dart slug is heavily wounded.
You feel very sick. The dart slug launches a dart at you.
You block the slug dart.
You are too injured to fight recklessly!
You are too injured to fight recklessly!
You feel very sick.
A hobgoblin comes into view. It is wielding a +0 sling.
The hobgoblin shouts!
You hit the kobold but do no damage. Your headbutt misses the kobold.
* * * LOW HITPOINT WARNING * * *
You feel very sick. The dart slug launches a dart at you.
The slug dart hits you.
* * * LOW HITPOINT WARNING * * *
The kobold hits you but does no damage.
You closely miss the kobold.
* * * LOW HITPOINT WARNING * * *
You feel very sick. The dart slug barely misses you.
The kobold hits you but does no damage.
You barely miss the kobold.
* * * LOW HITPOINT WARNING * * *
You feel sick. The kobold barely misses you. The dart slug closely misses you.
You hit the kobold.
You kill the kobold!
* * * LOW HITPOINT WARNING * * *
You feel sick. The dart slug launches a dart at you.
The slug dart hits you but does no damage.
It was a potion of flight.
You feel very buoyant.
You fly up into the air.
You die...

###.###...##
...........##
#...........
..........####.
...............
#...g..........
#........######
#
......w).......
.
##.####@.......
#.# #.####### .
#.# #.# . #.#
#.# . #.# #.#
#.# #. #.# #.#
#.# #.
#####'####'###
#.# #.
#............#
#.# #.
#............#
#.##.# #.


You could see a dart slug and a hobgoblin.

Vanquished Creatures
  An adder (D:2)
  A worm (D:3)
  2 endoplasms
  A goblin (D:1)
  3 hobgoblins (D:2)
  4 jackals (D:2)
  5 quokkas
  6 ball pythons
  3 bats
  3 kobolds
  2 rats
31 creatures vanquished.

Notes
Turn   | Place    | Note
-------+----------+-------------------------------------------
     0 | D:1      | Bloodgem the Minotaur Fighter began the quest for the Orb.
     0 | D:1      | Reached XP level 1. HP: 19/19 MP: 0/0
   343 | D:1      | Reached XP level 2. HP: 26/27 MP: 1/1
   766 | D:2      | Found a faded altar of an unknown god.
  1226 | D:2      | Reached XP level 3. HP: 32/33 MP: 2/2
  1361 | D:2      | You fall into a shaft and drop 1 floor!
  1517 | D:3      | HP: 1/33 [poisoned by a kobold]
  1518 | D:3      | Succumbed to a kobold's poison

Illustrated notes

Levels and vault maps discovered:
D:1:      co_arrival_square_in_a_square_in_a_square, layout_loops_cross,
          serial_glass, glass_columns_a, glass_columns_b, glass_columns_b,
          glass_columns_b, glass_columns_c, glass_columns_a,
          minmay_strange_pillars, minmay_pentomino_u2
D:2:      layout_basic, shapermc_ecumenical_altar_starsandcircs
D:3:      layout_basic

Skill      XL: |  1  2  3 |
---------------+----------+-----
Armour         | 4 |  4.1
Fighting       | 4 |  4.2
Shields        | 4 |  4.1
Polearms       | 3 |  3.0
Dodging        | |  0.4

Action                   || total
-------------------------++-------
Melee: Trident           ||    87
       Headbutt          ||     5
  Use: Potion            ||     1
Armor: Scale mail        ||     4
       Chain mail        ||    36
Dodge: Dodged            ||    35
Block: Buckler           ||    15
